 Dungeon Crawl Stone Soup version 0.29-a0-334-gb41bcbb86e (webtiles) character file.

Game seed: 5054060535558452438

2 zishaf the Sneak (level 1, -8/22 HPs)
             Began as a Troll Delver on Apr 15, 2022.
             Mangled by an ogre
             ... wielding a +0 giant club
              (30 damage)
             ... on level 4 of the Dungeon.
             The game lasted 00:00:42 (154 turns).

zishaf the Sneak (Troll Delver)                      Turns: 154, Time: 00:00:42

Health: -8/22      AC:  4    Str: 19    XL:     1   Next: 33%
Magic:  0/0        EV:  9    Int:  6    God:
Gold:   0          SH:  0    Dex: 11    Spells: 0/0 levels left

rFire   . . .      SeeInvis .     - Unarmed
rCold   . . .      Faith    .   (no shield)
rNeg    . . .      Spirit   .   a - +0 robe
rPois   .          Reflect  .   (helmet restricted)
rElec   .          Harm     .   (no cloak)
rCorr   .          Rampage  .   (gloves unavailable)
Will    .....                   (boots unavailable)
Stlth   ++........              (no amulet)
HPRegen 0.87/turn               (no ring)
MPRegen 0.07/turn               (no ring)

@: no status effects
A: large, unfitting armour, claws 3, regeneration 1, shaggy fur 1, tough skin 1
a: no special abilities


You were on level 4 of the Dungeon.
You visited 1 branch of the dungeon, and saw 2 of its levels.

Inventory:

Missiles
 g - 6 javelins (quivered)
Armour
 a - a +0 robe (worn)
Wands
 f - a wand of digging (3)
Scrolls
 b - a scroll of fog
 c - a scroll of magic mapping
 d - a scroll of fear
 h - a scroll of teleportation {unknown}
Potions
 e - a potion of haste
 i - a potion of cancellation {unknown}


   Skills:
 + Level 2.4 Fighting
 - Level 1.5 Dodging
 - Level 2.7 Stealth
 * Level 2.1 Unarmed Combat


You couldn't memorise any spells.
You didn't know any spells.
Your spell library was empty.

Dungeon Overview and Level Annotations

Branches:
Dungeon (5/15)
 Temple: D:4-7

Altars:


Innate Abilities, Weirdness & Mutations

You are too large for most types of armour.
You have claws for hands.
Your natural rate of healing is unusually fast.
You are covered in fur. (AC +1)
You have tough skin. (AC +1)


Message History

h - a scroll labelled FIWKELLASULOT You open the door.
There is an open door here.
Found a whip.
An orc wizard comes into view. It is wielding a +0 dagger.
There is an open door here.
You open the door.
Found a stone staircase leading down.
There is an open door here.
There is a stone staircase leading down here.
Found 104 gold pieces.
Found a stone staircase leading up.
Found a scroll labelled CEZOAN DUNONG.
There is a stone staircase leading up here.
You climb upwards.
Found an orange potion and 18 stones.
There is a stone staircase leading down here.
Found 13 gold pieces.
Found an escape hatch in the ceiling.
The helpless dart slug fails to defend itself.
You scratch the dart slug.
The dart slug is moderately wounded.
The dart slug barely misses you.
You claw the dart slug!
You kill the dart slug!
i - an orange potion You see here a dart slug corpse.
An ogre comes into view. It is wielding a +0 giant club.
The ogre shouts!
You hear a bark!
You hear a shout!
There is a stone staircase leading down here.
A scorpion comes into view.
You scratch the ogre.
The ogre is lightly wounded.
The ogre barely misses you.
You claw the ogre!
The ogre is heavily wounded.
You claw the ogre!
The ogre is almost dead.
The ogre hits you with a +0 giant club!!
Ouch! That really hurt!
You die...

###. (# ..# #..
#.#....
##.###..#<.#
#..........
##$........
#.......#
##.#.....#
#..>.....#
#@O#.....#
........##†....#
.....#####.....#
.... #.....# ...
####### ##


You could see an ogre.

Vanquished Creatures
  A dart slug (D:4)
1 creature vanquished.

Notes
Turn   | Place    | Note
-------+----------+-------------------------------------------
     0 | D:5      | zishaf the Troll Delver began the quest for the Orb.
     0 | D:5      | Reached XP level 1. HP: 22/22 MP: 0/0
    73 | D:5      | Noticed an orc wizard
   142 | D:4      | Noticed an ogre
   149 | D:4      | Noticed a scorpion
   154 | D:4      | Mangled by an ogre

Illustrated notes

Levels and vault maps discovered:
D:4:      layout_rooms
D:5:      layout_loops_corners, kennysheep_nub, minmay_gold_behind_fungi,
          kennysheep_small_spiral, dk_noncrumbling_2, uniq_sigmund

Action                   || total
-------------------------++-------
Melee: Unarmed           ||     5
 Stab: Sleeping          ||     1
Dodge: Dodged            ||     2

Table legend: (Time is in decaauts)
 A = Elapsed time spent in this place.
 B = Non-inter-level travel time spent in this place.
 C = Inter-level travel time spent in this place.
 D = Time resting spent in this place.
 E = Time spent auto-exploring this place.
 F = Levels seen in this place.
 G = Mean time per level.
                   A        B        C        D        E       F      G
               +--------+--------+--------+--------+--------+-----+--------+
         Total |    153 |    121 |     32 |      0 |     26 |   2 |   76.5 |
       Dungeon |    153 |    121 |     32 |      0 |     26 |   2 |   76.5 |
               +--------+--------+--------+--------+--------+-----+--------+

Top non-repeatable levels by time:
     D:5: 136 daAuts
     D:4: 17 daAuts
